AoeStats
← BN27

MegaRandom

508404019Analyzed
4v4 RM · 11d ago on Sep 22, 2026· 38m 35s· 8 players
Game mode
Random Map
Map size
Large (8 player)
Population
200
Speed
Normal
Resources
Standard
Victory
Conquest
Starting age
Dark Age
Ending age
Imperial Age
RankedLock teamsTeams togetherTeam positionsShared explorationLock speedFull tech treeHidden civsTurbo modeCheats
Victory
Defeat
🇩🇪 Berbers · Germany
1400
+16
🇩🇪 Mongols · Germany
1398
+16
🇫🇮 Cumans · Finland
1392
+16
🇬🇧 Khmer · United Kingdom
1359
+18
🇹🇼 Persians · Taiwan
1428
-18
🇹🇼 Vietnamese · Taiwan
1414
-17
🇹🇼 Magyars · Taiwan
1389
-16
1365
-15
托尼
0:28 Loom
9:59 Feudal Age
10:38 Double-Bit Axe
13:00 Scale Barding Armor
13:30 Horse Collar
20:38 Castle Age
19:13 Gold Mining
19:25 Stone Mining
20:21 Bloodlines
25:01 Bow Saw
29:56 Wheelbarrow
30:56 Light Cavalry
31:37 Husbandry
36:59 Corvinian Army
37:20 Chain Barding Armor
37:19 Hand Cart
37:40 Town Watch
开局不死农就算成功
0:26 Loom
8:45 Feudal Age
11:09 Wheelbarrow
10:25 Double-Bit Axe
12:10 Fletching
19:10 Horse Collar
21:31 Gold Mining
24:04 Castle Age
22:50 Stone Mining
27:57 Bow Saw
29:02 Heavy Plow
32:06 Town Watch
33:42 Gold Shaft Mining
33:52 Hand Cart
34:05 Bodkin Arrow
34:29 Padded Archer Armor
40:12 Imperial Age
cgan13289
0:29 Loom
7:38 Feudal Age
8:37 Double-Bit Axe
15:30 Horse Collar
21:33 Wheelbarrow
20:57 Gold Mining
23:43 Castle Age
22:29 Scale Barding Armor
22:39 Bloodlines
23:40 Forging
23:39 Gold Mining
24:46 Bow Saw
25:36 Fletching
27:56 Chain Barding Armor
32:23 Heavy Plow
33:08 Bodkin Arrow
33:51 Iron Casting
33:29 Light Cavalry
36:06 Hand Cart
35:37 Town Watch
MinatoRen
0:36 Loom
8:47 Feudal Age
11:41 Fletching
14:23 Double-Bit Axe
20:12 Castle Age
19:09 Padded Archer Armor
20:14 Crossbowman
20:57 Bodkin Arrow
32:51 Wheelbarrow
38:50 Hand Cart
BN27
0:34 Loom
8:22 Feudal Age
9:58 Double-Bit Axe
11:14 Wheelbarrow
10:28 Horse Collar
14:44 Fletching
16:22 Horse Collar
22:26 Castle Age
21:29 Padded Archer Armor
23:27 Bodkin Arrow
23:00 Elite Skirmisher
24:12 Leather Archer Armor
24:11 Bow Saw
27:32 Ballistics
30:43 Heavy Plow
31:18 Bloodlines
31:25 Town Watch
34:47 Stone Mining
34:47 Gold Mining
36:13 Hand Cart
38:38 Imperial Age
38:09 Gold Shaft Mining
38:10 Stone Shaft Mining
Mizii
0:30 Loom
9:24 Feudal Age
10:17 Double-Bit Axe
12:33 Horse Collar
15:37 Scale Barding Armor
16:31 Forging
22:06 Castle Age
21:27 Wheelbarrow
21:17 Bloodlines
22:27 Gold Mining
23:12 Chain Barding Armor
23:18 Bow Saw
25:22 Heavy Plow
26:18 Iron Casting
35:22 Imperial Age
33:09 Hand Cart
35:34 Cavalier
37:38 Two-Man Saw
38:11 Plate Barding Armor
37:42 Stone Mining
38:27 Gold Shaft Mining
37:51 Fletching
37:51 Paladin
40:05 Blast Furnace
a.l.a.n.t
0:45 Loom
10:47 Feudal Age
13:32 Castle Age
11:45 Double-Bit Axe
13:18 Bloodlines
14:26 Horse Collar
16:52 Husbandry
25:08 Scale Barding Armor
26:59 Chain Barding Armor
26:50 Forging
34:59 Light Cavalry
38:24 Wheelbarrow
40:20 Imperial Age
Bobo
0:35 Loom
7:29 Feudal Age
8:41 Double-Bit Axe
12:17 Scale Barding Armor
13:20 Forging
14:28 Wheelbarrow
19:28 Castle Age
18:00 Fletching
18:27 Padded Archer Armor
20:09 Bodkin Arrow
25:15 Leather Archer Armor
25:56 Horse Collar
28:23 Ballistics
28:48 Bloodlines
30:33 Husbandry
32:59 Thumb Ring
34:48 Hand Cart
34:44 Bow Saw
34:35 Heavy Plow
35:24 Town Watch
Connection lost

Rejoining the realm…

Still unreachable

The connection could not be restored.

Session expired

The server has moved on; the page needs a fresh start.